[Event "*** MasterClass Titled Tuesday Blitz"]
[Site "Chess.com"]
[Date "2017.12.12"]
[Round "9"]
[White "chesstatour"]
[Black "nicegg"]
[Result "1-0"]
[WhiteElo "1997"]
[BlackElo "1981"]
[TimeControl "180+2"]
[EndTime "15:06:53 PST"]
[Termination "chesstatour won by checkmate"]

1. c4 e5 2. Nc3 d6 3. Nf3 c6 4. d4 Nd7 5. g3 f5 6. Bg2 h6 7.
e4 Qf6 8. exf5 Qxf5 9. Nh4 Qf7 10. Be4 Ne7 11. Be3 d5 12. cxd5 cxd5 13. Bc2 e4 14.
O-O g5 15. Ng2 Bg7 16. Bb3 O-O 17. Nxe4 Kh8 18. Rc1 Nb6 19. Nd6 Qe6 20. Nb5 Qh3 21.
Nc7 Rb8 22. Qd2 Bg4 23. Nb5 Nf5 24. f3 Nxe3 25. Qxe3 a6 26. fxg4 axb5 27. Qe2 Bxd4+ 28. Kh1 Nc4 29. Bxc4 bxc4 30. Qd2 Ba7 31. Qxd5 Rbd8 32.
Qe5+ Kg8 33. Rxf8+ Rxf8 34. Qe6+ Kg7 35. Qxc4 Rf2 36.
Qc7+ Rf7 37. Qc3+ Kg8 38. Re1 Bb8 39. Re8+ Kh7 40. Qh8+ Kg6 41. Rg8+ Rg7 42. Qxg7# 1-0

[Event "*** MasterClass Titled Tuesday Blitz"]
[Site "Chess.com"]
[Date "2017.12.12"]
[Round "9"]
[White "juniortay"]
[Black "ChristopherYoo"]
[Result "0-1"]
[WhiteElo "2292"]
[BlackElo "2264"]
[TimeControl "180+2"]
[EndTime "15:06:59 PST"]
[Termination "ChristopherYoo won by resignation"]

1. e4 c5 2. Nf3 d6 3. d4 cxd4 4.
Qxd4 Nc6 5. Bb5 Bd7 6. Bxc6 Bxc6 7. Nc3 e5 8. Qd3 h6 9. Nd2 Nf6 10. Nc4 Rc8 11. Ne3 Qa5 12. O-O Qa6 13. Qxa6 bxa6 14. f3 g6 15. Rd1 Bb7 16. a4 Be7 17. a5 O-O 18. Ra4 Rc7 19. Kf2 Rfc8 20. Ke2 Rc5 21. Rb4 Ba8 22. Ned5 Nxd5 23. exd5 Kg7 24. Be3 R5c7 25.
g4 f5 26. gxf5 gxf5 27. f4 Bf6 28. Rg1+ Kh7 29. fxe5 dxe5 30. Bf2 Rxc3 31. bxc3 Bxd5 32. Rd1 Bc4+ 33. Ke1 e4 34. Rd7+ Kg6 35. Rd6 Kf7 36. Bd4 Bh4+ 37. Kd1 Be7 38. Rb7 Bb5 39. Rf6+ Ke8 40.
Rxf5 Bc6 41. Re5 Bxb7 42. Bc5 Rxc5 43. Rxc5 Bxc5 44. Kd2 Bd5 45. Ke2 Bc4+ 46. Ke1 e3 0-1

[Event "*** MasterClass Titled Tuesday Blitz"]
[Site "Chess.com"]
[Date "2017.12.12"]
[Round "9"]
[White "Annawel"]
[Black "Taron_Shagbazyan"]
[Result "0-1"]
[WhiteElo "2718"]
[BlackElo "2537"]
[TimeControl "180+2"]
[EndTime "15:07:16 PST"]
[Termination "Taron_Shagbazyan won on time"]

1. e4 c5 2. d3 Nc6 3. g3 d5 4. Bg2 dxe4 5. dxe4 Qxd1+ 6. Kxd1 e6 7. c3 b6 8. Kc2 Bb7 9. Ne2 O-O-O 10. Bg5 f6 11. Be3 Ne5 12. h3 Ne7 13. Nd2 g5 14. Rad1 Nf5 15.
Nf1 Rxd1 16. Kxd1 Nxe3+ 17. Nxe3 Bg7 18. Kc2 Rd8 19. Nc1 f5 20. exf5 Bxg2 21. Nxg2 exf5 22.
Rd1 Rxd1 23. Kxd1 Kd7 24. b3 Ke6 25. f4 Nf3 26. fxg5 Nxg5 27. Nf4+ Kd6 28. c4 Be5 29. Nce2 Ne4 30. Kc2 a6 31. h4 b5 32. Nh5 Ke7 33.
Kd3 Kd6 34. Ke3 Ke7 35. g4 Nd6 36. gxf5 bxc4 37. bxc4 Nxc4+ 38. Ke4 Bh8 39. Neg3 Nb6 40. Nf4 Kd6 41. h5 c4 42. h6 Be5 43. Nge2 Na4 44.
Ng6 Nc5+ 45. Kf3 hxg6 46. fxg6 Ke6 0-1

[Event "*** MasterClass Titled Tuesday Blitz"]
[Site "Chess.com"]
[Date "2017.12.12"]
[Round "9"]
[White "1stSecond"]
[Black "Noukii"]
[Result "1/2-1/2"]
[WhiteElo "2492"]
[BlackElo "2608"]
[TimeControl "180+2"]
[EndTime "15:07:25 PST"]
[Termination "Game drawn by repetition"]

1. Nf3 d5 2. g3 c6 3. Bg2 Bg4 4. O-O Nd7 5. d3 Ngf6 6. Qe1 e6 7. e4 Bc5 8. h3 Bxf3 9. Bxf3 Qc7 10. Bf4 Bd6 11. Be3 Bc5 12. Bxc5 Nxc5 13. e5 Ng8 14.
Nd2 Ne7 15. Bg2 a5 16. d4 Nd7 17. c3 a4 18. b4 a3 19. f4 O-O 20. g4 f5 21. exf6 Rxf6 22. g5 Rf7 23. Qxe6 Nf8 24.
Qg4 Nf5 25. Rae1 Ng6 26. Nf3 Qxf4 27. Qxf4 Nxf4 28. Ne5 Nxg2 29. Kxg2 Nh4+ 30. Kg3 Rxf1 31. Rxf1 Ng6 32. Nxg6 hxg6 33. Re1 Kf7 34. Re3 b6 35. Re5 b5 36. Kg4 Rd8 37. Re3 Rd6 38. h4 Re6 39.
Rxe6 Kxe6 40. Kf4 Kd6 41. Kf3 Ke6 42. Kg4 Kd6 43. h5 gxh5+ 44. Kxh5 Ke7 45. Kg6 Kf8 46. Kf5 Kf7 47. g6+ Ke7 48. Ke5 Kd7 49. Kf5 Kd6 50.
Kf4 Ke6 51. Kg5 Kd7 52. Kf5 Kd6 53. Kf4 Ke7 54. Ke5 Kd7 55. Kf5 Kd6 56. Kf4 Ke6 57. Kg5 Ke7 58. Kf5 Kd6 59. Kf4 Ke6 60. Kg5 Ke7 61.
Kf5 Kd6 1/2-1/2

[Event "*** MasterClass Titled Tuesday Blitz"]
[Site "Chess.com"]
[Date "2017.12.12"]
[Round "9"]
[White "inegrepus"]
[Black "Blitzstream"]
[Result "0-1"]
[WhiteElo "2062"]
[BlackElo "2476"]
[TimeControl "180+2"]
[EndTime "15:07:25 PST"]
[Termination "Blitzstream won by checkmate"]

1. d4 g6 2. c4 Bg7 3. e4 d6 4.
f3 e6 5. Nc3 Ne7 6. Be3 Nd7 7.
Qd2 h6 8. Bd3 b6 9. Nge2 Bb7 10.
O-O a6 11. Rac1 Kf8 12. f4 f5 13. exf5 exf5 14. d5 Nc5 15. Bd4 Ng8 16. Bxg7+ Kxg7 17. b4 Nxd3 18. Qxd3 Bc8 19. Nd4 Bd7 20. Rce1 Nf6 21.
Ne6+ Bxe6 22. Rxe6 Re8 23. Rfe1 Rxe6 24. Rxe6 Qf8 25. Qd4 Re8 26. h3 h5 27. a4 h4 28. a5 bxa5 29. bxa5 Rxe6 30. dxe6 Qe7 31. Qe3 c6 32. Ne2 Ne4 33. Nd4 c5 34. Nf3 Qxe6 35. Nxh4 Qxc4 36. g4 Qd5 37. gxf5 gxf5 38.
Kh2 Kf6 39. Qg1 Qd2+ 40. Kh1 Nf2+ 41. Kg2 Ne4+ 42. Kh1 Qxf4 43. Qg6+ Ke5 44. Qg7+ Kd5 45. Qf7+ Kc6 46. Nxf5 Ng3+ 47. Kg2 Nxf5 48. Qe8+ Kd5 49.
Qf7+ Kd4 50. Qf6+ Kd3 51. Qd8 Ne3+ 52. Kg1 Qg3+ 53. Kh1 Qg2# 0-1

[Event "*** MasterClass Titled Tuesday Blitz"]
[Site "Chess.com"]
[Date "2017.12.12"]
[Round "9"]
[White "GMAkobianSTL"]
[Black "daro94"]
[Result "1/2-1/2"]
[WhiteElo "2686"]
[BlackElo "2671"]
[TimeControl "180+2"]
[EndTime "15:07:27 PST"]
[Termination "Game drawn by repetition"]

1. d4 d5 2. c4 e6 3. Nc3 Nf6 4.
Nf3 c5 5. e3 Nc6 6. a3 a6 7. dxc5 Bxc5 8. b4 Bd6 9. Bb2 O-O 10. Rc1 dxc4 11. Bxc4 b5 12. Bd3 Ne5 13. Nxe5 Bxe5 14. f4 Bxc3+ 15. Bxc3 Bb7 16. O-O Rc8 17.
Qe2 Be4 18. Rfd1 Bxd3 19. Rxd3 Qe7 20. Rcd1 Rfd8 21. Bxf6 Qxf6 22. Rxd8+ Rxd8 23. Rxd8+ Qxd8 24. Qc2 g6 25. Qc3 h5 26. h3 Qd6 27. Kf2 Kf8 28.
Qc8+ Ke7 29. Qc3 Kd7 30. Qf6 Ke8 31. Qh8+ Ke7 32. Qc3 Kd7 33. Qf6 Qd2+ 34. Kf3 Ke8 35. Qh8+ Ke7 36. Qb8 Qd1+ 37. Kf2 Qc2+ 38. Kf3 Qc6+ 39.
Kf2 Qc2+ 40. Kf3 Qd1+ 41. Kf2 Qd2+ 42. Kf3 Qd5+ 43. Kf2 Qa2+ 44. Kf3 Qxa3 45. Qc7+ Kf8 46. Qb8+ Kg7 47. Qe5+ Kg8 48. Qb8+ Kg7 49. Qe5+ Kh7 50. Qc7 Kg8 51. Qb8+ Kg7 52. Qe5+ Kh7 53. Qc7 Kg7 54. Qe5+ Kg8 55. Qb8+ Kg7 56. Qe5+ 1/2-1/2

[Event "*** MasterClass Titled Tuesday Blitz"]
[Site "Chess.com"]
[Date "2017.12.12"]
[Round "9"]
[White "Vincent_Vega95"]
[Black "DrVelja"]
[Result "0-1"]
[WhiteElo "2572"]
[BlackElo "2562"]
[TimeControl "180+2"]
[EndTime "15:07:27 PST"]
[Termination "DrVelja won by resignation"]

1. Nf3 Nf6 2. c4 g6 3. Nc3 Bg7 4. e4 d6 5. d4 O-O 6. Be2 e5 7. O-O Nc6 8. d5 Ne7 9. b4 Ne8 10. c5 f5 11. Nd2 Nf6 12. f3 f4 13. Nc4 g5 14. a4 h5 15. Ba3 Ng6 16. b5 dxc5 17. Bxc5 Rf7 18. Kh1 g4 19. a5 g3 20.
b6 Bf8 21. bxc7 Rxc7 22. Bg1 Nh7 23. d6 Rf7 24. Qd5 Qg5 25. a6 Bh3 26. Bc5 Bxg2+ 27. Kxg2 Nh4+ 28. Kh3 Ng6 29. Rg1 Qh4+ 30. Kg2 Qxh2+ 31.
Kf1 Nf6 32. Qe6 Re8 33. axb7 Rxe6 34. b8=Q Ng4 35. Ke1 Ne3 36. Bxe3 fxe3 37. Rf1 g2 38. Nxe3 gxf1=Q+ 39.
Nxf1 Qh4+ 40. Kd1 Rxd6+ 41. Kc2 Nf4 42. Bc4 Qf2+ 43. Kc1 Nd3+ 44. Bxd3 Rxd3 0-1

[Event "*** MasterClass Titled Tuesday Blitz"]
[Site "Chess.com"]
[Date "2017.12.12"]
[Round "9"]
[White "Arm-Akiba"]
[Black "A-Fier"]
[Result "1-0"]
[WhiteElo "2706"]
[BlackElo "2636"]
[TimeControl "180+2"]
[EndTime "15:07:29 PST"]
[Termination "Arm-Akiba won by resignation"]

1. d4 Nf6 2. Nf3 g6 3. g3 Bg7 4. Bg2 O-O 5. O-O c5 6. dxc5 Qa5 7. Be3 Ng4 8. Bd4 e5 9. Bc3 Qxc5 10. h3 Nh6 11.
Qd2 Nc6 12. Rd1 Nf5 13. e3 Rd8 14. g4 Nfe7 15. Qd6 Qxd6 16. Rxd6 a5 17. Na3 Ra6 18. Rad1 Rb6 19. Bxa5 Rxb2 20. Bxd8 Nxd8 21. Nc4 Rxa2 22. Nb6 Rxc2 23. Nxc8 Rxc8 24. Rxd7 Ndc6 25. Rxb7 h6 26. Rdd7 Bf6 27. Nd2 Rd8 28. Bxc6 Nxc6 29. Ne4 Bh4 30. Rbc7 Rxd7 31. Rxd7 Ne7 32. Kg2 Kf8 33. Nd6 Bg5 34. Rd8+ Kg7 35. Ne8+ Kh7 36. Rd7 Kg8 37. Nc7 Kf8 38. Kf3 Bh4 39. Kg2 Kg7 40. Nd5 Nxd5 41. Rxd5 Kf6 42. Rd6+ Ke7 43. Ra6 Kd7 44. Kf3 Ke7 45.
Ke2 Kd7 46. f3 Be7 47. Kd3 Bd6 48. Kc4 Ke6 49. e4 h5 50. gxh5 gxh5 51. Rb6 f6 52. Ra6 h4 53. Rb6 Ke7 54. Kd5 Bc7 55. Rb7 Kd7 56. Ra7 1-0

[Event "*** MasterClass Titled Tuesday Blitz"]
[Site "Chess.com"]
[Date "2017.12.12"]
[Round "9"]
[White "gmcorrales"]
[Black "ShimanovAlex"]
[Result "0-1"]
[WhiteElo "2627"]
[BlackElo "2669"]
[TimeControl "180+2"]
[EndTime "15:07:33 PST"]
[Termination "ShimanovAlex won by checkmate"]

1. d4 Nf6 2. c4 g6 3. Nc3 Bg7 4. Bf4 d6 5. e3 O-O 6. Nf3 Nc6 7. Be2 Nd7 8. h3 e5 9. Bh2 f5 10. O-O e4 11. Nd2 Nf6 12. f3 exf3 13. Nxf3 Re8 14. Bf4 h6 15. Qd2 g5 16. Bh2 Qe7 17. Nd1 f4 18. d5 fxe3 19. Qe1 Nd8 20. a4 Nh5 21. Ra3 Nf4 22. Rxe3 Qf8 23. Bxf4 gxf4 24. Rxe8 Qxe8 25. Qd2 Nf7 26. Re1 Qxa4 27. Bd3 Ne5 28. Nxe5 Bxe5 29. Nf2 Qe8 30. Qxf4 Qf8 31. Qe4 Qg7 32. Rf1 Bd7 33. Ng4 Bxg4 34. hxg4 Rf8 35. Rxf8+ Kxf8 36. Qf5+ Qf7 37.
b3 Kg7 38. Qh7+ Kf8 39. Qxh6+ Qg7 40. Qe6 Qg5 41. Qc8+ Kg7 42. Qxc7+ Kf8 43. Qc8+ Kg7 44. Qd7+ Kf8 45. Kf1 Qe3 46. Qf5+ Ke7 47. g5 Kd8 48. g6 Bg3 49. Qf7 Qe1# 0-1

[Event "*** MasterClass Titled Tuesday Blitz"]
[Site "Chess.com"]
[Date "2017.12.12"]
[Round "9"]
[White "GMBenjaminBok"]
[Black "GMKrikor"]
[Result "0-1"]
[WhiteElo "2622"]
[BlackElo "2663"]
[TimeControl "180+2"]
[EndTime "15:07:36 PST"]
[Termination "GMKrikor won on time"]

1. Nf3 d5 2. g3 Nf6 3. Bg2 g6 4. c4 dxc4 5. Na3 Bg7 6. Nxc4 O-O 7. O-O Nc6 8. d3 Nd5 9. Bd2 Nb6 10. Nxb6 axb6 11.
Bc3 Bxc3 12. bxc3 e5 13. Qc1 Qe7 14. a3 Ra5 15. Qb2 Bd7 16. Nd2 Rfa8 17. Nc4 Ra4 18. Rfc1 Be6 19. Bxc6 bxc6 20. Nxe5 Bd5 21. c4 Be6 22.
Nxc6 Qd6 23. Nb4 h5 24. h4 c6 25. d4 Bg4 26. c5 bxc5 27. Rxc5 Qe7 28. Re5 Qd6 29.
Qc3 Bd7 30. e3 Qf6 31. Kg2 Bg4 32. e4 Rxb4 33. axb4 Rxa1 34. Re8+ Kh7 35. e5 Bf3+ 36.
Qxf3 Rg1+ 37. Kxg1 Qxf3 38. Re7 Kg8 39. Rd7 Qb3 40.
Rd6 Qxb4 41. Rxc6 Qxd4 42. e6 Qd1+ 43. Kh2 Qe2 44. exf7+ Kxf7 45. Rc7+ Ke6 46. Kg1 Kd6 47. Rf7 Qe1+ 48. Kg2 Ke6 0-1

[Event "*** MasterClass Titled Tuesday Blitz"]
[Site "Chess.com"]
[Date "2017.12.12"]
[Round "9"]
[White "krzyzan94"]
[Black "SenseiJulio"]
[Result "0-1"]
[WhiteElo "2604"]
[BlackElo "2543"]
[TimeControl "180+2"]
[EndTime "15:07:37 PST"]
[Termination "SenseiJulio won by resignation"]

1. e4 e5 2. Nf3 Nc6 3. d4 exd4 4. Nxd4 Nf6 5. Nxc6 bxc6 6. e5 Nd5 7. Qe2 Qe7 8.
c4 Nb6 9. Nc3 Qe6 10. Qe4 g6 11. f4 Bb4 12. Bd2 O-O 13. O-O-O Rb8 14. f5 gxf5 15.
Qh4 Bxc3 16. Bxc3 Na4 17. c5 Nxc3 18. Qg3+ Kh8 19. Qxc3 f6 20. Re1 fxe5 21. Qxe5+ Qxe5 22. Rxe5 d6 23. cxd6 cxd6 24. Re7 Rb7 25. Rxb7 Bxb7 26. Bd3 c5 27. Rg1 f4 28. Kd2 Rg8 29. Re1 Rxg2+ 30.
Kc3 Bc6 31. Re6 Rxh2 32. Rxd6 Bh1 33. Rd7 f3 34. Rxa7 Bg2 35. Rf7 Rh1 36. a4 h5 37.
a5 h4 38. a6 h3 39. a7 Ra1 40. Rf8+ Kg7 41. a8=Q Rxa8 42. Rxa8 f2 43. Ra1 h2 44. Ra7+ Kf6 45. Rh7 h1=Q 46. Rxh1 Bxh1 47. Kd2 Bg2 48. Kc3 f1=Q 49. Bxf1 Bxf1 50. b4 c4 51. Kd4 Ke6 52.
b5 Kd6 53. b6 Kc6 54. b7 Kxb7 55. Ke3 0-1

[Event "*** MasterClass Titled Tuesday Blitz"]
[Site "Chess.com"]
[Date "2017.12.12"]
[Round "9"]
[White "kereswasbest"]
[Black "arna"]
[Result "1-0"]
[WhiteElo "2219"]
[BlackElo "2133"]
[TimeControl "180+2"]
[EndTime "15:07:41 PST"]
[Termination "kereswasbest won on time"]

1. e4 c5 2. Nf3 Nc6 3. d4 cxd4 4. Nxd4 e5 5. Nb5 d6 6. Bc4 Be6 7. Bb3 Be7 8. O-O Nf6 9. N5c3 Nd4 10. Bg5 O-O 11.
Bxf6 Bxf6 12. Nd5 Bg5 13. c3 Nc6 14. Na3 Ne7 15. Nxe7+ Qxe7 16. Bd5 Rac8 17. Nc2 Bxd5 18. Qxd5 Rc5 19. Qb3 b6 20. Rad1 Rd8 21. Nb4 h5 22.
Rd5 Qe6 23. Rfd1 Be7 24. Qa4 a5 25. Nc2 Rdc8 26. Ne3 R5c6 27. R1d3 g6 28. Qd1 Bg5 29. Rxd6 Rxd6 30. Rxd6 Qxa2 31. Rxb6 Bxe3 32. fxe3 Qc4 33. Rb7 Qxe4 34. Qf3 Qxf3 35. gxf3 Rd8 36. Kg2 Rd2+ 37. Kg3 a4 38. Rb5 Kg7 39. h4 Kf6 40. c4 Re2 41. c5 Rxe3 42. c6 Ke6 43. Rc5 Kd6 44. c7 Kxc5 45. c8=Q+ Kd4 46. Qd7+ Kc4 47. Qxf7+ Kd3 48. Qxg6+ Ke2 49. Qxh5 e4 50. Qb5+ Rd3 51. h5 exf3 52. Qe5+ Kd2 53. Kf2 Kc2 54. Qe4 Kd2 55. h6 1-0

[Event "*** MasterClass Titled Tuesday Blitz"]
[Site "Chess.com"]
[Date "2017.12.12"]
[Round "9"]
[White "TomsKantans"]
[Black "FMJoseHerrera"]
[Result "1-0"]
[WhiteElo "2446"]
[BlackElo "2423"]
[TimeControl "180+2"]
[EndTime "15:08:11 PST"]
[Termination "TomsKantans won on time"]

1. e4 c5 2. Nf3 e6 3. d4 cxd4 4. Nxd4 a6 5. c4 Qc7 6. Nc3 b6 7. Be3 Bb7 8. f3 Nf6 9. Be2 d6 10. O-O Nbd7 11. Qd2 Be7 12. Rfc1 Rc8 13. Kh1 h5 14.
Nd1 h4 15. Nf2 Qb8 16. b4 Bd8 17. Nb3 Bc7 18. Nh3 d5 19. cxd5 exd5 20. exd5 Bxh2 21. Rxc8+ Bxc8 22. f4 Bg3 23. Bf3 O-O 24. Nd4 Bb7 25.
Nc6 Qa8 26. Rc1 Re8 27. Qd3 Nf8 28. Bd4 Ng6 29. Bxf6 gxf6 30. Qf5 Kg7 31. d6 Bxc6 32. Bxc6 Re1+ 33. Rxe1 Qxc6 34. Rd1 Qa4 35. Qd3 Qd7 36.
Qxa6 Nxf4 37. Nxf4 Bxf4 38. Qd3 Be5 39. a4 h3 40.
Qxh3 Qxa4 41. Qg4+ Kh6 42. d7 Bc7 43. d8=Q Bxd8 44. Rxd8 Qa1+ 45. Rd1 Qe5 46. Qf3 Kg6 47. g3 f5 48. Kg2 Qb2+ 49. Kh3 Qxb4 50. Rd8 Qe1 51.
Rg8+ Kh7 52. Rg5 Qe6 53. Qh5+ Qh6 54. Rxf5 1-0

[Event "*** MasterClass Titled Tuesday Blitz"]
[Site "Chess.com"]
[Date "2017.12.12"]
[Round "9"]
[White "xamax2000"]
[Black "pedromartinez91"]
[Result "1-0"]
[WhiteElo "2334"]
[BlackElo "2223"]
[TimeControl "180+2"]
[EndTime "15:08:12 PST"]
[Termination "xamax2000 won on time"]

1. e4 c5 2. Nf3 Nc6 3. d4 cxd4 4. Nxd4 g6 5. c4 Qa5+ 6. Bd2 Qb6 7. Nb5 Bg7 8. N1c3 Nf6 9. Be3 Qa5 10. Bd2 O-O 11. Be2 a6 12. Nd5 Qd8 13. Nxf6+ Bxf6 14. Nc3 d6 15. O-O Be6 16. b3 Bg7 17. Rc1 Rb8 18. Be3 Qa5 19. Qd2 Rfc8 20. Rfd1 Qb4 21. f4 f6 22. Bf3 Rd8 23. Qf2 b5 24. Nd5 Bxd5 25. cxd5 Na5 26. Rc7 Bf8 27. Rd4 Nc4 28. bxc4 bxc4 29.
Rdxc4 Qb1+ 30. Rc1 Qd3 31. R7c3 Qb5 32. Bg4 Bg7 33. Be6+ Kh8 34. f5 g5 35. Rb3 Qa4 36. Rxb8 Rxb8 37. h3 Qxe4 38. Qf3 Qe5 39. Ba7 Ra8 40.
Bf2 g4 41. Qxg4 Bh6 42. Re1 Qb2 43. Bd4 Qd2 44. Re4 Rb8 45. Kh2 Bg5 46. h4 Bh6 47. Bf7 Qc1 48. Qe2 Rf8 49. Be6 Bf4+ 50. g3 Bh6 51. Bd7 Rb8 52. Rxe7 Rf8 53. Re8 1-0

[Event "*** MasterClass Titled Tuesday Blitz"]
[Site "Chess.com"]
[Date "2017.12.12"]
[Round "9"]
[White "dolynachess"]
[Black "Schemato"]
[Result "1-0"]
[WhiteElo "2294"]
[BlackElo "2287"]
[TimeControl "180+2"]
[EndTime "15:08:19 PST"]
[Termination "dolynachess won by resignation"]

1. d4 e6 2. c4 f5 3. g3 Nf6 4. Bg2 c6 5. Nf3 d5 6. O-O Bd6 7. b3 Qe7 8. Bb2 O-O 9. Qc1 Nbd7 10. Ba3 Bxa3 11. Qxa3 Qxa3 12. Nxa3 Ne4 13. Rfd1 b6 14. Rac1 Ba6 15. Nb1 Rac8 16. Nbd2 h6 17. Ne5 Nxe5 18.
dxe5 Nxd2 19. Rxd2 Rfd8 20. Rcd1 Kf8 21. e3 Ke7 22.
Bf1 dxc4 23. Rd6 c5 24. Bxc4 Bxc4 25. bxc4 Rxd6 26. Rxd6 Rd8 27. Rc6 Kd7 28. Rd6+ Ke7 29. Rc6 Rd2 30. Rc7+ Rd7 31. Rc6 Rd1+ 32. Kg2 Rc1 33.
Rc7+ Kf8 34. Rxa7 Rxc4 35. a4 Rb4 36. a5 bxa5 37. Rxa5 Rc4 38. Ra7 Rc2 39. h4 c4 40.
h5 c3 41. Rc7 Rc1 42. Kf3 c2 43. Ke2 Ke8 44. Kd3 Rd1+ 45. Kxc2 Rf1 46. f4 Kf8 47. Rc8+ Kf7 48. Rc7+ Kf8 49. Kd3 Rf3 50. Kd4 Rxg3 51. Kc5 Rxe3 52. Kd6 Kg8 53. Kxe6 Rh3 54. Rc8+ Kh7 55.
Kf7 Rb3 56. e6 Rb6 57. e7 Rf6+ 58. Ke8 Rd6 59. Rd8 Re6 60. Kd7 Re4 61. e8=Q Rxe8 62. Rxe8 g6 63. Re7+ Kg8 64. hxg6 h5 65. Ke6 h4 66.
Kf6 1-0

[Event "*** MasterClass Titled Tuesday Blitz"]
[Site "Chess.com"]
[Date "2017.12.12"]
[Round "9"]
[White "NateSolon"]
[Black "ENEASZ"]
[Result "0-1"]
[WhiteElo "2353"]
[BlackElo "2423"]
[TimeControl "180+2"]
[EndTime "15:08:21 PST"]
[Termination "ENEASZ won by resignation"]

1. e4 d6 2. d4 Nf6 3. Nc3 e5 4. Nf3 Nbd7 5. g4 Nxg4 6. Rg1 exd4 7. Qxd4 Nde5 8. Nxe5 dxe5 9. Qxd8+ Kxd8 10. h3 Nf6 11. Bg5 c6 12. O-O-O+ Kc7 13. f4 Nd7 14. f5 f6 15. Be3 b5 16. a4 b4 17. Ne2 Nb6 18. b3 a5 19. Ng3 g5 20. Nh5 Be7 21. h4 h6 22. Rh1 Rg8 23. hxg5 hxg5 24. Ng3 Rg7 25. Nh5 Rf7 26. Bxb6+ Kxb6 27. Bc4 Rh7 28. Bg8 Rh8 29. Bc4 Ba6 30. Bxa6 Kxa6 31. Rd7 Bc5 32. Ng3 Rxh1+ 33. Nxh1 g4 34. Rg7 Be3+ 35. Kd1 Bg5 36. Nf2 g3 37. Nh3 g2 38. Ke2 Rh8 39.
Ng1 Rh4 40. Kf2 Rxe4 41. Kxg2 Rg4+ 42. Kf1 Rf4+ 43. Ke2 Rxf5 44. Nf3 e4 45. Nd4 Rd5 46. Nxc6 Rd2+ 47. Ke1 Rxc2 48. Nd4 Rb2 49. Rd7 Kb6 50.
Re7 e3 51. Nf5 Rxb3 52. Ke2 Rb2+ 53. Kd3 e2 54. Nd4 Rd2+ 55. Kc4 Ra2 56. Re6+ Kc7 57. Kd5 Rxa4 58. Nb5+ Kd7 59. Rxe2 Ra1 60. Nd4 Rd1 61.
Kc4 Bf4 62. Ne6 Be5 63. Kb5 Kxe6 0-1

[Event "*** MasterClass Titled Tuesday Blitz"]
[Site "Chess.com"]
[Date "2017.12.12"]
[Round "9"]
[White "MITerryble"]
[Black "Kaphrep"]
[Result "0-1"]
[WhiteElo "2668"]
[BlackElo "2641"]
[TimeControl "180+2"]
[EndTime "15:08:29 PST"]
[Termination "Kaphrep won by resignation"]

1. d4 d5 2. Nf3 Nf6 3. c4 e6 4. e3 Be7 5. Bd3 dxc4 6. Bxc4 O-O 7. O-O a6 8. b3 c5 9. dxc5 Bxc5 10. Bb2 Nbd7 11.
Nbd2 b5 12. Bd3 Bb7 13. Qe2 Qb8 14. Rfd1 Rc8 15. Nf1 Bxf3 16. Qxf3 Ne5 17. Qe2 Nxd3 18. Bxf6 Ne5 19. Bh4 Qb7 20. Bg3 Nd7 21. Qd3 Nf6 22.
Rac1 Ba3 23. Rxc8+ Rxc8 24. Be5 Be7 25. Ng3 Qc6 26. h3 Qc2 27. Qxc2 Rxc2 28. a4 b4 29. Bxf6 gxf6 30. Rd7 Kf8 31. Ra7 Rc3 32. Nh5 Bd8 33.
Rxa6 Rxb3 34. Ra8 Rb1+ 35. Kh2 Ke7 36. Ra7+ Kd6 37. Rxf7 b3 38. Rb7 Kc6 39. Rb5 Bc7+ 40. f4 Bb6 41. Nxf6 Bxe3 42. Kg3 b2 43. Ng4 Bxf4+ 44. Kxf4 Rf1+ 45. Ke5 Rf5+ 46. Kxe6 Rxb5 47. axb5+ Kb7 48. Kf5 b1=Q+ 49. Kf4 Qxb5 50. Ne5 Kc7 51.
Nf3 Kd6 52. g4 Ke7 53. h4 Qb8+ 54. Kf5 Qf8+ 55. Ke4 Qf6 56. h5 h6 57. Nd4 Kf7 58.
Nf5 Qb6 59. Ke5 Qb2+ 60. Ke4 Kf6 61. Nxh6 Qe2+ 62. Kf4 Qd2+ 63. Kg3 Qxh6 64. Kf3 Kg5 65. Kg3 Qe6 66. Kf3 Qxg4+ 0-1

[Event "*** MasterClass Titled Tuesday Blitz"]
[Site "Chess.com"]
[Date "2017.12.12"]
[Round "9"]
[White "cheese111"]
[Black "MartinZumsande"]
[Result "1/2-1/2"]
[WhiteElo "2423"]
[BlackElo "2465"]
[TimeControl "180+2"]
[EndTime "15:08:35 PST"]
[Termination "Game drawn - insufficient material"]

1. e4 e6 2. d4 d5 3. Nd2 Nf6 4.
e5 Nfd7 5. Bd3 c5 6. c3 b6 7. Ngf3 Ba6 8. Bxa6 Nxa6 9. O-O Nc7 10. Re1 f5 11.
exf6 Nxf6 12. c4 Be7 13. Ng5 O-O 14. Nxe6 Nxe6 15. Rxe6 cxd4 16. cxd5 Bc5 17. Nf3 Qxd5 18. Re5 Qc4 19. Qb3 Qxb3 20. axb3 a5 21. Bd2 Rac8 22.
Rc1 d3 23. h3 Rfd8 24. Kf1 h6 25. Rc4 Kf7 26. Ke1 Re8 27. Rxe8 Rxe8+ 28. Kf1 Ne4 29. Be3 Ng3+ 30. Ke1 Bxe3 31. fxe3 Rxe3+ 32. Kf2 Nf5 33. Rf4 Re2+ 34. Kf1 Ke6 35. Rxf5 Kxf5 36. Nd4+ Ke4 37. Nxe2 d2 38. Nc3+ Kd3 39. Kf2 b5 40. Nd1 h5 41.
h4 g6 42. Kf3 b4 43. g3 Kc2 44. Ke2 Kxb3 45. Kxd2 a4 46. Kd3 a3 47. bxa3 bxa3 48. Nc3 Kb2 49. Nd1+ Kc1 50. Ne3 a2 51. Nc2 Kb2 52.
Kd2 Kb3 53. Kc1 Kc3 54. Na1 Kd3 55. Kb2 Ke3 56. Kxa2 Kf3 57. Kb2 Kxg3 58. Kc2 Kxh4 59. Kd2 Kg3 60. Ke2 Kg2 61. Nc2 h4 62. Ne1+ Kg3 63. Kf1 g5 64. Kg1 g4 65. Ng2 h3 66.
Ne3 Kf3 67. Nxg4 h2+ 68. Kxh2 1/2-1/2

[Event "*** MasterClass Titled Tuesday Blitz"]
[Site "Chess.com"]
[Date "2017.12.12"]
[Round "9"]
[White "Kawhi_Leonard2"]
[Black "ChainsOfFantasia"]
[Result "1-0"]
[WhiteElo "2274"]
[BlackElo "2455"]
[TimeControl "180+2"]
[EndTime "15:08:37 PST"]
[Termination "Kawhi_Leonard2 won by checkmate"]

1. e4 c6 2. d4 d5 3. Nc3 dxe4 4. Nxe4 Bf5 5. Ng3 Bg6 6. h4 h6 7. Nf3 Nd7 8. h5 Bh7 9. Bd3 Bxd3 10. Qxd3 e6 11.
Bd2 Ngf6 12. O-O-O Be7 13. Ne4 Nxe4 14. Qxe4 Nf6 15. Qd3 Qd5 16. c4 Qe4 17. Qb3 O-O 18. Rde1 Qg4 19. Ne5 Qxd4 20. f4 Rfd8 21. Be3 Qe4 22. g4 b5 23. Bd2 Qg2 24. Qc2 bxc4 25. g5 Ne4 26. Ba5 Qxc2+ 27. Kxc2 Nf2 28. Bxd8 Rxd8 29.
Nxc6 Rd7 30. Nxe7+ Rxe7 31. Rhf1 Nd3 32. Re4 Nb4+ 33.
Kb1 Nd5 34. g6 c3 35. Rc4 fxg6 36. hxg6 Re8 37. Re1 cxb2 38. Rxe6 Rb8 39. Rec6 Ne7 40. Re6 Kf8 41. Rc2 Nd5 42. Re4 h5 43. Rd4 Ne7 44. f5 Nxf5 45. Rf2 Rb5 46. Rdf4 Ke7 47. Rxf5 Rb6 48. Rf7+ Ke6 49. Rxg7 h4 50. Rh7 Rb8 51. Rxh4 Rg8 52. Rg4 a5 53. Kxb2 a4 54. Ka3 Ke5 55.
Kxa4 Ra8+ 56. Kb3 Rb8+ 57. Kc2 Rf8 58. Rxf8 Ke6 59. g7 Ke7 60. Rf1 Kd7 61. Rg2 Kc6 62.
Re2 Kb5 63. Rd1 Ka4 64. Re3 Kb4 65. Rd4+ Kc5 66. Rh4 Kd6 67. Rg3 Kd7 68. Rg5 Ke7 69. Rh6 Kf7 70. g8=Q+ Ke7 71. Re6+ Kd7 72. Rd5+ Kc7 73.
Qc8+ Kxc8 74. Rc6+ Kb7 75. Rc3 Ka7 76. Rb5 Ka6 77.
Rb4 Ka7 78. Ra3# 1-0

[Event "*** MasterClass Titled Tuesday Blitz"]
[Site "Chess.com"]
[Date "2017.12.12"]
[Round "9"]
[White "AquivaRubinstein"]
[Black "Angry_Serb"]
[Result "1-0"]
[WhiteElo "2287"]
[BlackElo "2421"]
[TimeControl "180+2"]
[EndTime "15:08:37 PST"]
[Termination "AquivaRubinstein won by resignation"]

1. d4 g6 2. c4 Bg7 3. Nc3 e6 4. e4 Ne7 5. h4 h6 6. Nh3 d5 7. e5 c5 8. Be3 cxd4 9. Bxd4 Nbc6 10. f4 dxc4 11. Bc5 Qa5 12. Bd6 Nf5 13. Bxc4 Nxd6 14.
Qxd6 Bf8 15. Qd3 Bd7 16. O-O-O O-O-O 17. Kb1 Bc5 18. h5 gxh5 19. Ng1 Rhg8 20. g3 Nb4 21.
Qe2 Bc6 22. Nf3 Rxg3 23. Ne4 Rxd1+ 24. Rxd1 Kc7 25. Nxg3 b5 26. Bb3 Qb6 27. Ne4 Be3 28. Nd6 Bxf4 29. a3 Nd5 30. Nd4 Bd7 31. Qc2+ Kb8 32.
Bxd5 exd5 33. Nxf7 h4 34. e6 Bxe6 35. Nxe6 Qxe6 36.
Nd8 Qd6 37. Nc6+ Kb7 38. Nd4 a6 39. Qh7+ Kb6 40. Qf5 h3 41. Qxh3 Be5 42. Qe3 Kb7 43.
Re1 Bf6 44. Nf5 Qh2 45. Qe2 Qh3 46. Nd6+ Kc6 47. Ne8 Bd4 48. Qe6+ Qxe6 49. Rxe6+ Kd7 50. Re1 h5 51. Kc2 h4 52. Kd3 Bxb2 53. Re2 Ba1 54.
Kc2 h3 55. Kb1 Bd4 56. Rd2 Be5 57. Rxd5+ Ke6 58. Rd3 h2 59. Rh3 Ke7 60. Rh5 Kd7 61. Kc2 h1=Q 62. Rxh1 Kxe8 63. Re1 Kd7 64. Rxe5 Kc6 65. Kb3 Kb6 66. Re6+ Ka5 67. Rf6 b4 68.
axb4+ Kb5 69. Rf5+ Kb6 1-0